 Dungeon Crawl Stone Soup version 0.22-a0-398-g8bb545f (webtiles) character file.

39 iamserjio the Firebug (level 3, -1/24 HPs)
             Began as a Demonspawn Fire Elementalist on May 4, 2018.
             Slain by a hobgoblin
             ... wielding a +0 club
              (2 damage)
             ... on level 2 of the Dungeon.
             The game lasted 00:03:13 (958 turns).

iamserjio the Firebug (Demonspawn Fire Elementalist) Turns: 958, Time: 00:03:14

Health: -1/24      AC:  2    Str:  7 (8)  XL:     3   Next: 26%
Magic:  1/6        EV: 12    Int: 15 (17) God:
Gold:   13         SH:  0    Dex: 12 (13) Spells: 6/7 levels left

rFire    . . .     SeeInvis .   f - +0 club
rCold    + . .     Gourm    .   (no shield)
rNeg     . . .     Faith    .   a - +0 robe
rPois    .         Spirit   .   (helmet restricted)
rElec    .         Reflect  .   (no cloak)
rCorr    .         Harm     .   (no gloves)
MR       .....                  (no boots)
Stlth    ++........             (no amulet)
HPRegen  0.08/turn              (no ring)
MPRegen  0.10/turn              (no ring)

@: lethally poisoned (-1 -> -8), hasted, very quick
A: antennae 1, cold resistance 1
a: no special abilities


You were on level 2 of the Dungeon.
You were hungry.

You visited 1 branch of the dungeon, and saw 2 of its levels.

You collected 13 gold pieces.

Inventory:

Hand Weapons
 f - a +0 club (weapon)
Armour
 a - a +0 robe (worn)
Jewellery
 b - a +4 ring of intelligence {unknown}
Scrolls
 g - a scroll of identify {unknown}
Potions
 e - a potion of degeneration
Comestibles
 c - 3 rations
 h - 4 chunks of flesh


   Skills:
 - Level 1.7 Dodging
 - Level 1.7 Stealth
 + Level 2.6 Spellcasting
 + Level 1.9 Conjurations
 + Level 3.1 Fire Magic


You had 6 spell levels left.
You knew the following spells:

 Your Spells              Type           Power        Failure   Level  Hunger
a - Flame Tongue          Conj/Fire      #....        8%          1    #......


Dungeon Overview and Level Annotations

Branches:
Dungeon (2/15)

Altars:


Innate Abilities, Weirdness & Mutations

You have a pair of small antennae on your head.
Your flesh is cold resistant. (rC+)


Message History

You feel sick. The adder bites you.
* * * LOW HITPOINT WARNING * * *
You hit the adder but do no damage. The adder barely misses you.
You hit the adder.
The adder is moderately wounded.
* * * LOW HITPOINT WARNING * * *
You feel sick. The adder misses you.
You hit the adder.
The adder is severely wounded.
The frilled lizard hisses angrily. x2
The adder closely misses you.
The hobgoblin hits you but does no damage.
You closely miss the adder.
The adder is severely wounded.
* * * LOW HITPOINT WARNING * * *
You feel sick. The adder barely misses you.
You hit the adder but do no damage.
The adder is severely wounded.
The hobgoblin hits you with a club.
You die...

..........g..)#
#......).###.#
####.###.#.###.#
.............#<#
.......#.#.#.#.#
.......#.#.#.#.#
...............######
#......#...#Sg........
#......#.#.#@#.#######
..##.###.#.#.l.l.....
## #. .#.##..######
..... .#..### ..#..#
#. #..# #. #..# # ...>


You could see an adder, a hobgoblin and 2 frilled lizards.

Vanquished Creatures
  A hound skeleton (D:2)
  A dart slug (D:1)
  A leopard gecko (D:2)
  A ball python (D:1)
  A giant cockroach (D:1)
  3 goblins (D:1)
  4 hobgoblins
  4 kobolds
  4 bats (D:1)
  A frilled lizard (D:1)
  2 rats (D:1)
23 creatures vanquished.

Notes
Turn   | Place    | Note
-------+----------+-------------------------------------------
     0 | D:1      | iamserjio the Demonspawn Fire Elementalist began the quest for the Orb.
     0 | D:1      | Reached XP level 1. HP: 13/13 MP: 3/3
   277 | D:1      | Gained mutation: You have a pair of small antennae on your head. [demonic ancestry]
   277 | D:1      | Reached XP level 2. HP: 19/19 MP: 1/5
   604 | D:1      | Reached skill level 3 in Fire Magic
   939 | D:2      | Gained mutation: Your flesh is cold resistant. (rC+) [demonic ancestry]
   939 | D:2      | Reached XP level 3. HP: 19/24 MP: 0/6
   957 | D:2      | HP: 1/24 [poisoned by an adder]
   958 | D:2      | Slain by a hobgoblin

Vault maps used:
D:1:      dpeg_arrival_rooms_c
D:2:      lemuel_coloured_pillars_altar, first_ration, uniq_jessica

Skill      XL: |  1  2 |
---------------+-------+-----
Fire Magic     | 3 |  3.1
Dodging        | |  1.7
Stealth        | |  1.7
Spellcasting   | |  2.6
Conjurations   | |  1.9

Action                   || total
-------------------------++-------
Melee: Unarmed           ||    24
       Club              ||     7
 Cast: Flame Tongue      ||    36
  Use: Potion            ||     2
Armor: Robe              ||    16
Dodge: Dodged            ||    46

Table legend:
 A = Spawn XP
 B = Non-spawn XP
 C = Spawn XP percentage of total XP
 D = Spawn monster count
 E = Non-spawn monster count
 F = Spawn count percentage of total count
 G = Total turns spent on level
                    A         B        C        D         E        F      G
               +---------+---------+-------+---------+---------+-------+---------
         Total |       0 |      56 |   0.0 |       0 |      23 |   0.0 |   958
               +---------+---------+-------+---------+---------+-------+---------
           D:1 |       0 |      33 |   0.0 |       0 |      19 |   0.0 |   901
           D:2 |       0 |      23 |   0.0 |       0 |       4 |   0.0 |    57
               +---------+---------+-------+---------+---------+-------+---------
